[ AOE2 MATCH · #477788636 ]
UnrankedVietnamese vs Japanese
[ REPLAY ANALYSIS · EXTRACTED FROM THE RECORDED GAME ]
Feudal
15:12
Castle
26:17
Imperial
39:42
| APM avg | 30.2 |
| APM peak | 60 |
| eAPM avg | 15.6 |
| Villagers / military | 83 / 74 |
Focus
⚔️ 19.8% · 🌾 80.2%
Rattan Archer ×30 · Spearman ×24 · Militia ×11 · Skirmisher ×6 · Trebuchet (Packed) ×3
Feudal
15:19
Castle
23:10
Imperial
46:30
| APM avg | 16.4 |
| APM peak | 43 |
| eAPM avg | 8.3 |
| Villagers / military | 104 / 51 |
Focus
⚔️ 11.5% · 🌾 88.5%
Keshik ×51
Feudal
17:14
Castle
27:30
Imperial
—
| APM avg | 17.7 |
| APM peak | 55 |
| eAPM avg | 7.7 |
| Villagers / military | 53 / 41 |
Focus
⚔️ 25.4% · 🌾 74.6%
Ballista Elephant ×18 · Spearman ×11 · Militia ×9 · Petard ×3
Feudal
17:54
Castle
24:59
Imperial
42:03
| APM avg | 11.9 |
| APM peak | 43 |
| eAPM avg | 9.5 |
| Villagers / military | 104 / 138 |
Focus
⚔️ 41.5% · 🌾 58.5%
Spearman ×107 · Skirmisher ×29 · Trebuchet (Packed) ×2
Feudal
13:24
Castle
28:52
Imperial
49:43
| APM avg | 48.1 |
| APM peak | 98 |
| eAPM avg | 24.1 |
| Villagers / military | 140 / 73 |
Focus
⚔️ 24.0% · 🌾 76.0%
Genoese Crossbowman ×35 · Archer ×26 · Mangonel ×6 · Spearman ×3 · Scout Cavalry ×2 · Battering Ram ×1
Feudal
14:33
Castle
29:32
Imperial
—
| APM avg | 17.7 |
| APM peak | 42 |
| eAPM avg | 10.6 |
| Villagers / military | 85 / 43 |
Focus
⚔️ 22.7% · 🌾 77.3%
Skirmisher ×14 · Trade Cart ×10 · Camel Scout ×8 · Spearman ×5 · Chakram Thrower ×4 · Monk ×3
Feudal
13:31
Castle
21:23
Imperial
41:37
| APM avg | 22.5 |
| APM peak | 44 |
| eAPM avg | 14.4 |
| Villagers / military | 132 / 129 |
Focus
⚔️ 29.2% · 🌾 70.8%
Knight ×106 · Cavalry Archer ×16 · Battering Ram ×3 · Monk ×2 · Trebuchet (Packed) ×2
Feudal
24:37
Castle
34:56
Imperial
45:03
| APM avg | 9.9 |
| APM peak | 35 |
| eAPM avg | 5.1 |
| Villagers / military | 79 / 26 |
Focus
⚔️ 24.0% · 🌾 76.0%
Archer ×20 · Eagle Scout ×5 · Monk ×1
Match map
Initial resources + every placement click. Lines = walls · curves = elevation contours. ◆ gold · ⬟ stone · ● berries · ✦ relic · ◌ wall gap
Your base· Open — unwalled flank
---Raw---'s base· Open — 5t gap
batttvaippp's base· Open — 6t gap
про100 3аяц ^_^'s base· Open — unwalled flank
-=Mr.Moran=-'s base· Open — unwalled flank
Bazingaa's base· Open — unwalled flank
Hugo[HG]'s base· Open — unwalled flank
edxmrtz's base· Open — unwalled flank
Smoothed initial terrain · ◌ = detected wall gap · hover for details
Inputs per minute
— mvp - - ---Raw---
Build order — mvp
First 150 of 268 actions detected
| 2:53 | Build | Town Center |
| 5:09 | Build | House |
| 5:10 | Build | House |
| 5:13 | Create | Villager (Male) |
| 5:13 | Create | Villager (Male) |
| 5:14 | Create | Villager (Male) |
| 5:14 | Create | Villager (Male) |
| 5:39 | Build | House |
| 5:50 | Research | Loom |
| 6:18 | Create | Villager (Male) |
| 7:49 | Build | Mill |
| 7:51 | Create | Villager (Male) |
| 8:10 | Create | Villager (Male) |
| 8:31 | Create | Villager (Male) |
| 8:59 | Create | Villager (Male) |
| 9:26 | Create | Villager (Male) |
| 9:52 | Create | Villager (Male) |
| 10:20 | Create | Villager (Male) |
| 10:31 | Build | Lumber Camp |
| 11:05 | Create | Villager (Male) |
| 11:16 | Create | Villager (Male) |
| 12:18 | Build | Mining Camp |
| 13:02 | Research | Feudal Age |
| 13:11 | Create | Villager (Male) |
| 13:20 | Build | House |
| 13:21 | Build | House |
| 14:37 | Build | Barracks |
| 14:46 | Build | Farm |
| 14:50 | Create | Villager (Male) |
| 15:12 | Age | Feudal Age |
| 15:34 | Build | Mining Camp |
| 15:40 | Build | Farm |
| 15:42 | Create | Villager (Male) |
| 16:09 | Build | Mill |
| 16:17 | Create | Villager (Male) |
| 16:26 | Build | Farm |
| 16:28 | Research | Man-at-Arms (upgrade) |
| 16:39 | Build | Farm |
| 16:40 | Create | Villager (Male) |
| 16:57 | Build | Farm |
| 17:02 | Create | Militia |
| 17:20 | Build | Farm |
| 17:21 | Create | Villager (Male) |
| 17:43 | Create | Villager (Male) |
| 18:02 | Build | Archery Range |
| 18:06 | Create | Militia |
| 18:17 | Build | Farm |
| 18:19 | Create | Villager (Male) |
| 18:48 | Build | Farm |
| 18:50 | Create | Villager (Male) |
| 19:14 | Build | Farm |
| 19:16 | Create | Villager (Male) |
| 19:20 | Build | Farm |
| 19:30 | Create | Militia |
| 19:44 | Build | Farm |
| 19:46 | Create | Villager (Male) |
| 19:54 | Build | House |
| 19:55 | Build | House |
| 20:35 | Create | Villager (Male) |
| 20:58 | Build | Market |
| 21:06 | Build | Farm |
| 21:07 | Create | Villager (Male) |
| 22:18 | Build | House |
| 23:16 | Build | Farm |
| 23:18 | Build | Farm |
| 23:20 | Build | Farm |
| 23:36 | Research | Stone Mining |
| 23:37 | Research | Castle Age |
| 23:57 | Build | Stone Wall |
| 24:02 | Build | Gate |
| 24:04 | Create | Spearman |
| 24:05 | Create | Spearman |
| 24:05 | Create | Spearman |
| 24:11 | Research | Horse Collar |
| 24:35 | Create | Spearman |
| 25:10 | Create | Spearman |
| 25:14 | Create | Villager (Male) |
| 26:17 | Age | Castle Age |
| 26:18 | Create | Villager (Male) |
| 26:31 | Research | Long Swordsman (upgrade) |
| 26:48 | Build | Town Center |
| 26:54 | Create | Villager (Male) |
| 27:13 | Create | Villager (Male) |
| 27:49 | Create | Militia |
| 27:50 | Create | Militia |
| 27:55 | Build | House |
| 27:56 | Build | House |
| 28:02 | Create | Villager (Male) |
| 28:02 | Create | Villager (Male) |
| 28:15 | Build | House |
| 28:43 | Create | Militia |
| 28:43 | Create | Militia |
| 28:52 | Build | Farm |
| 29:15 | Create | Militia |
| 29:15 | Create | Militia |
| 29:24 | Build | Farm |
| 29:37 | Build | Stone Wall |
| 29:41 | Build | Gate |
| 29:43 | Create | Villager (Male) |
| 29:43 | Create | Villager (Male) |
| 29:43 | Create | Villager (Male) |
| 30:18 | Create | Skirmisher |
| 30:18 | Create | Skirmisher |
| 30:19 | Create | Skirmisher |
| 30:23 | Build | Castle |
| 30:46 | Create | Skirmisher |
| 30:46 | Create | Skirmisher |
| 31:00 | Create | Skirmisher |
| 31:33 | Create | Villager (Male) |
| 31:33 | Create | Villager (Male) |
| 31:55 | Build | Stone Wall |
| 32:04 | Build | Stone Wall |
| 32:06 | Build | Stone Wall |
| 32:12 | Create | Villager (Male) |
| 33:24 | Build | Gate |
| 33:57 | Build | Farm |
| 34:40 | Build | Farm |
| 34:41 | Create | Villager (Male) |
| 34:42 | Create | Villager (Male) |
| 34:42 | Create | Villager (Male) |
| 35:05 | Create | Villager (Male) |
| 35:27 | Build | Lumber Camp |
| 35:30 | Create | Villager (Male) |
| 36:03 | Create | Villager (Male) |
| 36:04 | Create | Villager (Male) |
| 36:04 | Create | Villager (Male) |
| 36:04 | Create | Villager (Male) |
| 36:32 | Research | Imperial Age |
| 36:46 | Create | Villager (Male) |
| 36:54 | Research | Double-Bit Axe |
| 36:57 | Build | Farm |
| 36:59 | Create | Villager (Male) |
| 36:59 | Create | Villager (Male) |
| 37:08 | Create | Rattan Archer |
| 37:09 | Create | Rattan Archer |
| 37:10 | Create | Militia |
| 37:10 | Create | Militia |
| 37:29 | Build | Farm |
| 37:38 | Research | Heavy Plow |
| 37:52 | Create | Villager (Male) |
| 37:53 | Create | Villager (Male) |
| 37:56 | Build | Farm |
| 37:58 | Create | Villager (Male) |
| 38:07 | Research | Gold Mining |
| 38:34 | Build | Town Center |
| 38:41 | Create | Villager (Male) |
| 38:50 | Create | Rattan Archer |
| 38:50 | Create | Rattan Archer |
| 38:55 | Research | Bow Saw |
| 39:42 | Age | Imperial Age |
Build order — ---Raw---
First 150 of 219 actions detected
| 0:59 | Build | Town Center |
| 1:09 | Build | Town Center |
| 3:02 | Build | House |
| 3:27 | Create | Villager (Male) |
| 3:28 | Create | Villager (Male) |
| 3:28 | Research | Loom |
| 3:28 | Create | Villager (Male) |
| 3:29 | Create | Villager (Male) |
| 4:48 | Build | House |
| 5:05 | Build | House |
| 5:42 | Create | Villager (Male) |
| 6:36 | Build | Mill |
| 6:37 | Create | Villager (Male) |
| 6:38 | Create | Villager (Male) |
| 7:49 | Create | Villager (Male) |
| 8:20 | Create | Villager (Male) |
| 9:13 | Create | Villager (Male) |
| 9:13 | Create | Villager (Male) |
| 9:13 | Create | Villager (Male) |
| 9:14 | Create | Villager (Male) |
| 9:56 | Create | Villager (Male) |
| 12:25 | Build | Mining Camp |
| 12:25 | Create | Villager (Male) |
| 13:09 | Research | Feudal Age |
| 13:41 | Create | Villager (Male) ×3 |
| 13:57 | Build | House |
| 14:00 | Build | House |
| 14:35 | Build | House |
| 14:41 | Build | Palisade Wall |
| 15:19 | Age | Feudal Age |
| 15:43 | Build | Stone Wall |
| 16:36 | Build | Stone Wall |
| 17:05 | Build | Market |
| 17:08 | Build | Blacksmith |
| 17:09 | Create | Villager (Male) |
| 17:09 | Create | Villager (Male) |
| 17:13 | Build | Farm |
| 17:14 | Build | Farm |
| 17:15 | Build | Farm |
| 17:17 | Build | Farm |
| 17:18 | Build | Farm |
| 17:20 | Build | Farm |
| 17:24 | Build | Farm |
| 17:25 | Build | Farm |
| 17:50 | Build | Farm |
| 18:20 | Build | Farm |
| 18:33 | Create | Villager (Male) |
| 18:34 | Create | Villager (Male) |
| 18:44 | Build | Farm |
| 19:11 | Build | Stone Wall |
| 20:05 | Build | House |
| 20:07 | Build | House |
| 20:30 | Research | Castle Age |
| 20:36 | Build | Mining Camp |
| 21:08 | Research | Stone Mining |
| 22:30 | Create | Villager (Male) ×5 |
| 23:10 | Age | Castle Age |
| 23:55 | Build | Mining Camp |
| 25:07 | Create | Villager (Male) |
| 25:08 | Create | Villager (Male) |
| 25:21 | Build | Barracks |
| 25:47 | Create | Villager (Male) |
| 25:47 | Create | Villager (Male) |
| 26:15 | Build | Castle |
| 26:21 | Create | Villager (Male) |
| 26:21 | Create | Villager (Male) |
| 27:23 | Create | Villager (Male) |
| 27:23 | Create | Villager (Male) |
| 27:24 | Create | Villager (Male) |
| 27:31 | Build | Town Center |
| 28:37 | Build | Lumber Camp |
| 28:43 | Create | Villager (Male) |
| 28:43 | Create | Villager (Male) |
| 29:05 | Research | Fletching |
| 29:16 | Research | Double-Bit Axe |
| 29:25 | Create | Villager (Male) |
| 29:27 | Create | Villager (Male) |
| 29:33 | Create | Villager (Male) |
| 29:34 | Create | Villager (Male) |
| 29:39 | Build | Farm |
| 29:47 | Create | Villager (Male) |
| 29:47 | Create | Villager (Male) |
| 29:58 | Build | Farm |
| 31:01 | Create | Villager (Male) |
| 31:01 | Create | Villager (Male) |
| 31:04 | Create | Villager (Male) |
| 31:05 | Create | Villager (Male) |
| 31:40 | Build | Farm |
| 31:41 | Create | Villager (Male) |
| 31:44 | Create | Villager (Male) |
| 31:57 | Create | Keshik |
| 32:03 | Build | Farm |
| 32:19 | Create | Villager (Male) |
| 32:23 | Build | Farm |
| 32:24 | Create | Villager (Male) |
| 32:53 | Create | Villager (Male) |
| 32:58 | Build | Farm |
| 33:00 | Create | Villager (Male) |
| 33:02 | Create | Villager (Male) |
| 33:02 | Create | Villager (Male) |
| 33:10 | Create | Villager (Male) |
| 33:27 | Build | Farm |
| 33:33 | Create | Keshik |
| 33:37 | Create | Keshik |
| 34:03 | Build | Farm |
| 34:05 | Build | Farm |
| 34:15 | Build | Farm |
| 34:18 | Build | Farm |
| 34:30 | Create | Villager (Male) |
| 34:31 | Create | Villager (Male) |
| 34:56 | Create | Villager (Male) |
| 34:57 | Create | Villager (Male) |
| 34:59 | Create | Villager (Male) |
| 35:07 | Create | Villager (Male) |
| 35:15 | Build | Town Center |
| 35:31 | Create | Villager (Male) |
| 35:37 | Build | Farm |
| 35:40 | Build | Farm |
| 35:43 | Build | Farm |
| 35:46 | Build | Farm |
| 35:57 | Create | Villager (Male) |
| 35:58 | Create | Villager (Male) |
| 36:08 | Create | Villager (Male) |
| 36:08 | Create | Villager (Male) |
| 36:16 | Build | House |
| 36:18 | Build | House |
| 36:19 | Build | House |
| 36:26 | Build | Farm |
| 36:45 | Build | Farm |
| 36:52 | Research | Wheelbarrow |
| 36:53 | Create | Villager (Male) |
| 36:54 | Create | Villager (Male) |
| 36:55 | Create | Villager (Male) |
| 37:31 | Build | Stable |
| 37:52 | Build | Farm |
| 38:06 | Build | House |
| 38:08 | Build | House |
| 38:09 | Build | House |
| 38:10 | Build | House |
| 38:11 | Build | House |
| 38:13 | Research | Horse Collar |
| 38:16 | Build | Farm |
| 38:23 | Create | Villager (Male) ×5 |
| 38:33 | Build | Farm |
| 38:38 | Create | Villager (Male) |
| 38:38 | Create | Villager (Male) |
| 38:40 | Create | Villager (Male) |
| 38:45 | Research | Bloodlines |
| 38:46 | Research | Husbandry |
| 38:54 | Create | Keshik ×4 |
Build order — batttvaippp
First 150 of 157 actions detected
| 1:46 | Build | Town Center |
| 4:06 | Build | House |
| 4:08 | Build | House |
| 4:09 | Build | House |
| 4:45 | Build | Farm |
| 5:20 | Create | Villager (Male) |
| 5:20 | Create | Villager (Male) |
| 5:21 | Create | Villager (Male) |
| 5:21 | Create | Villager (Male) |
| 6:29 | Research | Loom |
| 7:21 | Create | Villager (Male) |
| 8:08 | Build | Mill |
| 8:26 | Create | Villager (Male) |
| 8:26 | Create | Villager (Male) |
| 9:08 | Create | Villager (Male) |
| 10:19 | Create | Villager (Male) |
| 10:19 | Create | Villager (Male) |
| 10:23 | Create | Villager (Male) |
| 11:42 | Build | Mining Camp |
| 12:16 | Create | Villager (Male) |
| 12:16 | Create | Villager (Male) |
| 14:09 | Build | House |
| 14:11 | Build | House |
| 15:05 | Research | Feudal Age |
| 15:28 | Build | Barracks |
| 16:27 | Create | Militia |
| 16:28 | Create | Militia |
| 16:28 | Create | Militia |
| 17:14 | Age | Feudal Age |
| 17:20 | Build | Watch Tower |
| 17:25 | Research | Man-at-Arms (upgrade) |
| 18:06 | Create | Villager (Male) |
| 18:06 | Create | Villager (Male) |
| 18:08 | Create | Villager (Male) |
| 18:58 | Build | Farm |
| 19:01 | Build | Farm |
| 19:39 | Build | Farm |
| 19:47 | Create | Villager (Male) |
| 19:47 | Create | Villager (Male) |
| 19:55 | Build | Farm |
| 19:57 | Build | Farm |
| 19:59 | Build | Farm |
| 21:31 | Create | Villager (Male) |
| 21:31 | Create | Villager (Male) |
| 23:41 | Build | Farm |
| 23:44 | Build | Farm |
| 23:46 | Build | Farm |
| 23:49 | Build | Farm |
| 23:55 | Build | Farm |
| 24:22 | Build | Farm |
| 24:50 | Research | Castle Age |
| 27:30 | Age | Castle Age |
| 28:03 | Research | Pikeman (upgrade) |
| 28:06 | Create | Spearman |
| 28:06 | Create | Spearman |
| 28:25 | Build | Castle |
| 28:48 | Build | Town Center |
| 28:55 | Create | Villager (Male) |
| 28:56 | Create | Villager (Male) |
| 28:56 | Create | Villager (Male) |
| 28:56 | Create | Villager (Male) |
| 31:06 | Create | Villager (Male) |
| 31:06 | Create | Villager (Male) |
| 31:06 | Create | Villager (Male) |
| 31:07 | Create | Villager (Male) |
| 31:08 | Create | Villager (Male) |
| 31:08 | Create | Villager (Male) |
| 31:14 | Build | Farm |
| 31:16 | Build | Farm |
| 31:18 | Build | Farm |
| 31:37 | Research | Long Swordsman (upgrade) |
| 32:36 | Build | Castle |
| 32:47 | Create | Militia |
| 32:47 | Create | Militia |
| 32:48 | Create | Militia |
| 32:49 | Create | Militia |
| 33:05 | Build | House |
| 33:07 | Build | House |
| 33:08 | Build | House |
| 33:11 | Build | House |
| 35:01 | Create | Militia |
| 35:01 | Create | Militia |
| 35:27 | Create | Ballista Elephant |
| 35:27 | Create | Ballista Elephant |
| 35:27 | Create | Ballista Elephant |
| 35:29 | Create | Ballista Elephant |
| 35:29 | Create | Ballista Elephant |
| 36:10 | Build | Farm |
| 37:04 | Create | Villager (Male) |
| 37:04 | Create | Villager (Male) |
| 37:05 | Create | Villager (Male) |
| 37:05 | Create | Villager (Male) |
| 37:05 | Create | Villager (Male) |
| 37:07 | Create | Villager (Male) |
| 37:35 | Build | Farm |
| 37:37 | Build | Farm |
| 37:40 | Build | Farm |
| 37:40 | Build | Farm |
| 37:44 | Create | Ballista Elephant |
| 37:45 | Create | Ballista Elephant |
| 39:12 | Build | Farm |
| 39:40 | Create | Villager (Male) |
| 39:40 | Create | Villager (Male) |
| 39:40 | Create | Villager (Male) |
| 39:40 | Create | Villager (Male) |
| 39:40 | Create | Villager (Male) |
| 39:41 | Create | Villager (Male) |
| 39:42 | Create | Villager (Male) |
| 39:43 | Create | Villager (Male) |
| 39:43 | Create | Villager (Male) |
| 39:45 | Create | Villager (Male) |
| 40:07 | Create | Ballista Elephant |
| 40:07 | Create | Ballista Elephant |
| 41:23 | Create | Petard |
| 41:23 | Create | Petard |
| 41:24 | Create | Petard |
| 43:06 | Build | Mining Camp |
| 44:29 | Create | Villager (Male) |
| 44:30 | Create | Villager (Male) |
| 44:30 | Create | Villager (Male) |
| 44:30 | Create | Villager (Male) |
| 44:31 | Create | Villager (Male) |
| 44:31 | Create | Villager (Male) |
| 44:31 | Create | Villager (Male) |
| 44:38 | Build | Farm |
| 44:39 | Build | Farm |
| 44:40 | Build | Farm |
| 44:48 | Research | Wheelbarrow |
| 44:51 | Research | Horse Collar |
| 45:00 | Research | Gold Mining |
| 45:12 | Build | Farm |
| 45:14 | Build | Farm |
| 45:28 | Create | Ballista Elephant |
| 45:28 | Create | Ballista Elephant |
| 45:28 | Create | Ballista Elephant |
| 45:28 | Create | Ballista Elephant |
| 45:29 | Create | Ballista Elephant |
| 45:29 | Create | Ballista Elephant |
| 46:56 | Build | Farm |
| 46:58 | Build | Farm |
| 47:00 | Build | Farm |
| 47:04 | Research | Hand Cart |
| 47:09 | Research | Gold Shaft Mining |
| 47:22 | Create | Spearman |
| 47:23 | Create | Spearman |
| 47:23 | Create | Spearman |
| 47:23 | Create | Spearman |
| 47:24 | Create | Spearman |
| 48:20 | Create | Spearman |
| 48:20 | Create | Spearman |
Build order — про100 3аяц ^_^
First 150 of 386 actions detected
| 1:41 | Build | Town Center |
| 3:44 | Create | Villager (Male) |
| 3:44 | Create | Villager (Male) |
| 3:45 | Create | Villager (Male) |
| 3:45 | Create | Villager (Male) |
| 3:45 | Create | Villager (Male) |
| 3:47 | Research | Loom |
| 3:58 | Build | House |
| 5:04 | Build | House |
| 5:09 | Build | House |
| 5:17 | Create | Villager (Male) |
| 5:41 | Create | Villager (Male) |
| 6:10 | Build | Mill |
| 6:49 | Create | Villager (Male) |
| 7:48 | Create | Villager (Male) |
| 7:49 | Create | Villager (Male) |
| 7:49 | Create | Villager (Male) |
| 7:49 | Create | Villager (Male) |
| 8:50 | Create | Villager (Male) |
| 8:50 | Create | Villager (Male) |
| 8:50 | Create | Villager (Male) |
| 9:25 | Build | Farm |
| 9:27 | Create | Villager (Male) |
| 9:32 | Build | Farm |
| 10:57 | Create | Villager (Male) |
| 10:57 | Create | Villager (Male) |
| 10:58 | Create | Villager (Male) |
| 10:58 | Create | Villager (Male) |
| 10:58 | Create | Villager (Male) |
| 10:58 | Create | Villager (Male) |
| 10:59 | Create | Villager (Male) |
| 11:02 | Build | Farm |
| 11:07 | Build | Farm |
| 11:19 | Build | Farm |
| 11:36 | Build | House |
| 11:59 | Create | Villager (Male) |
| 11:59 | Create | Villager (Male) |
| 12:23 | Build | House |
| 12:26 | Build | House |
| 12:28 | Build | House |
| 12:29 | Build | House |
| 12:42 | Build | Farm |
| 13:07 | Build | Farm |
| 13:30 | Build | Farm |
| 14:00 | Build | Farm |
| 14:32 | Build | Farm |
| 14:36 | Build | Farm |
| 14:40 | Build | Farm |
| 15:00 | Build | Palisade Wall |
| 15:20 | Build | Lumber Camp |
| 15:44 | Research | Feudal Age |
| 17:14 | Create | Villager (Male) |
| 17:14 | Create | Villager (Male) |
| 17:15 | Create | Villager (Male) |
| 17:47 | Create | Villager (Male) |
| 17:47 | Create | Villager (Male) |
| 17:48 | Create | Villager (Male) |
| 17:54 | Age | Feudal Age |
| 18:42 | Build | Barracks |
| 18:53 | Build | Palisade Wall |
| 19:24 | Build | Market |
| 19:35 | Build | Farm |
| 19:43 | Build | Blacksmith |
| 20:01 | Build | Mining Camp |
| 20:19 | Build | Archery Range |
| 20:49 | Build | Farm |
| 20:52 | Build | Farm |
| 20:56 | Create | Villager (Male) |
| 20:57 | Create | Villager (Male) |
| 20:57 | Create | Villager (Male) |
| 20:58 | Create | Villager (Male) |
| 20:58 | Create | Villager (Male) |
| 21:56 | Build | Archery Range |
| 22:17 | Research | Castle Age |
| 22:35 | Create | Skirmisher |
| 22:37 | Create | Skirmisher |
| 22:45 | Create | Skirmisher |
| 23:03 | Create | Skirmisher |
| 23:04 | Create | Skirmisher |
| 23:21 | Research | Double-Bit Axe |
| 23:47 | Build | Farm |
| 23:56 | Build | Farm |
| 24:17 | Build | Farm |
| 24:28 | Build | Palisade Gate |
| 24:52 | Create | Villager (Male) |
| 24:52 | Create | Villager (Male) |
| 24:53 | Create | Villager (Male) |
| 24:53 | Create | Villager (Male) |
| 24:59 | Age | Castle Age |
| 25:13 | Research | Elite Skirmisher (upgrade) |
| 25:54 | Build | Farm |
| 26:45 | Build | House |
| 26:56 | Build | Town Center |
| 27:14 | Create | Villager (Male) |
| 27:14 | Create | Villager (Male) |
| 27:14 | Create | Villager (Male) |
| 27:15 | Create | Villager (Male) |
| 27:15 | Create | Villager (Male) |
| 27:46 | Research | Padded Archer Armor |
| 27:54 | Build | Farm |
| 28:00 | Create | Villager (Male) |
| 28:00 | Create | Villager (Male) |
| 28:00 | Create | Villager (Male) |
| 28:01 | Create | Villager (Male) |
| 28:01 | Create | Villager (Male) |
| 28:12 | Create | Skirmisher |
| 29:00 | Research | Wheelbarrow |
| 29:09 | Build | Farm |
| 29:20 | Research | Bow Saw |
| 29:26 | Research | Leather Archer Armor |
| 29:31 | Research | Fletching |
| 29:43 | Research | Pikeman (upgrade) |
| 29:45 | Research | Squires |
| 30:03 | Create | Skirmisher |
| 30:03 | Create | Skirmisher |
| 30:04 | Create | Skirmisher |
| 30:05 | Create | Skirmisher |
| 30:06 | Create | Skirmisher |
| 30:07 | Create | Skirmisher |
| 30:19 | Research | Gold Mining |
| 30:31 | Build | House |
| 30:55 | Build | House |
| 30:56 | Build | House |
| 30:57 | Build | House |
| 30:59 | Build | House |
| 31:00 | Build | House |
| 31:08 | Build | Farm |
| 31:29 | Build | Town Center |
| 31:38 | Create | Villager (Male) |
| 31:38 | Create | Villager (Male) |
| 31:38 | Create | Villager (Male) |
| 31:42 | Create | Villager (Male) |
| 31:42 | Create | Villager (Male) |
| 31:42 | Create | Villager (Male) |
| 31:43 | Create | Villager (Male) |
| 31:47 | Build | Farm |
| 32:16 | Build | Farm |
| 32:28 | Create | Villager (Male) |
| 32:29 | Create | Villager (Male) |
| 32:29 | Create | Villager (Male) |
| 32:29 | Create | Villager (Male) |
| 32:47 | Build | Farm |
| 33:13 | Build | University |
| 33:20 | Research | Bodkin Arrow |
| 33:32 | Build | House |
| 33:33 | Build | House |
| 33:38 | Create | Villager (Male) |
| 33:41 | Create | Villager (Male) |
| 33:41 | Create | Villager (Male) |
| 33:41 | Create | Villager (Male) |
Build order — -=Mr.Moran=-
First 150 of 382 actions detected
| 0:20 | Build | Town Center |
| 2:32 | Build | House |
| 2:56 | Create | Villager (Male) |
| 2:56 | Create | Villager (Male) |
| 2:56 | Create | Villager (Male) |
| 2:56 | Create | Villager (Male) |
| 2:57 | Create | Villager (Male) |
| 3:00 | Research | Loom |
| 3:00 | Create | Villager (Male) |
| 3:01 | Create | Villager (Male) |
| 3:01 | Create | Villager (Male) |
| 3:01 | Create | Villager (Male) |
| 3:01 | Create | Villager (Male) |
| 3:01 | Create | Villager (Male) |
| 3:04 | Build | House |
| 5:01 | Create | Villager (Male) |
| 5:01 | Create | Villager (Male) |
| 5:01 | Create | Villager (Male) |
| 5:29 | Create | Villager (Male) |
| 5:30 | Create | Villager (Male) |
| 5:30 | Create | Villager (Male) |
| 5:57 | Create | Villager (Male) |
| 6:07 | Build | Mill |
| 6:31 | Create | Villager (Male) |
| 6:31 | Create | Villager (Male) |
| 6:31 | Create | Villager (Male) |
| 6:58 | Create | Villager (Male) |
| 6:58 | Create | Villager (Male) |
| 6:58 | Create | Villager (Male) |
| 7:34 | Create | Villager (Male) |
| 7:34 | Create | Villager (Male) |
| 7:34 | Create | Villager (Male) |
| 7:49 | Build | House |
| 7:56 | Build | House |
| 8:24 | Create | Villager (Male) |
| 8:42 | Create | Villager (Male) |
| 9:04 | Create | Villager (Male) |
| 9:42 | Create | Villager (Male) |
| 9:54 | Build | House |
| 10:02 | Create | Villager (Male) |
| 10:10 | Build | Farm |
| 10:38 | Build | Lumber Camp |
| 10:47 | Create | Villager (Male) |
| 11:14 | Research | Feudal Age |
| 11:54 | Build | Mining Camp |
| 12:38 | Build | Barracks |
| 13:24 | Age | Feudal Age |
| 13:35 | Build | Archery Range |
| 13:51 | Create | Villager (Male) |
| 13:52 | Create | Villager (Male) |
| 14:18 | Build | Mining Camp |
| 14:22 | Create | Villager (Male) |
| 14:32 | Create | Spearman |
| 14:36 | Create | Villager (Male) |
| 14:44 | Create | Archer |
| 14:52 | Research | Double-Bit Axe |
| 14:52 | Research | Double-Bit Axe |
| 14:52 | Research | Double-Bit Axe |
| 14:55 | Create | Villager (Male) |
| 15:08 | Create | Archer |
| 15:28 | Build | Watch Tower |
| 15:37 | Create | Archer |
| 15:37 | Create | Archer |
| 15:37 | Create | Archer |
| 16:08 | Build | Watch Tower |
| 16:25 | Create | Archer |
| 16:25 | Create | Archer |
| 16:25 | Create | Archer |
| 17:17 | Create | Archer |
| 17:17 | Create | Archer |
| 17:42 | Build | Farm |
| 17:42 | Build | Farm |
| 17:43 | Build | Farm |
| 17:43 | Build | Farm |
| 17:44 | Build | Farm |
| 17:45 | Build | Farm |
| 17:45 | Build | Farm |
| 17:46 | Build | Farm |
| 17:52 | Build | Stable |
| 18:08 | Research | Horse Collar |
| 18:24 | Build | Watch Tower |
| 18:45 | Create | Villager (Male) |
| 19:04 | Build | House |
| 19:07 | Build | House |
| 19:21 | Research | Bloodlines |
| 19:29 | Build | House |
| 19:31 | Build | House |
| 19:33 | Build | House |
| 19:36 | Create | Villager (Male) |
| 19:37 | Create | Villager (Male) |
| 20:02 | Create | Scout Cavalry |
| 20:02 | Create | Scout Cavalry |
| 20:35 | Create | Villager (Male) |
| 20:36 | Create | Villager (Male) |
| 20:40 | Build | Farm |
| 20:40 | Build | Farm |
| 20:41 | Build | Farm |
| 20:41 | Build | Farm |
| 21:02 | Build | Blacksmith |
| 22:01 | Build | Watch Tower |
| 22:59 | Build | Stone Wall |
| 23:02 | Build | Stone Wall |
| 23:11 | Build | Stone Wall |
| 23:17 | Create | Villager (Male) |
| 23:17 | Create | Villager (Male) |
| 23:17 | Create | Villager (Male) |
| 23:24 | Build | Farm |
| 23:27 | Create | Villager (Male) |
| 23:27 | Create | Villager (Male) |
| 23:28 | Create | Villager (Male) |
| 24:34 | Create | Villager (Male) |
| 24:34 | Create | Villager (Male) |
| 24:38 | Build | Farm |
| 24:38 | Build | Farm |
| 25:10 | Create | Villager (Male) |
| 25:10 | Create | Villager (Male) |
| 25:49 | Research | Castle Age |
| 26:19 | Research | Fletching |
| 26:19 | Research | Padded Archer Armor |
| 26:35 | Build | Farm |
| 26:55 | Research | Wheelbarrow |
| 27:01 | Create | Villager (Male) |
| 27:01 | Create | Villager (Male) |
| 27:17 | Create | Archer |
| 27:18 | Create | Archer |
| 27:54 | Create | Archer |
| 28:05 | Research | Padded Archer Armor |
| 28:52 | Age | Castle Age |
| 28:53 | Build | Siege Workshop |
| 29:00 | Research | Crossbowman (upgrade) |
| 29:03 | Research | Bodkin Arrow |
| 29:03 | Research | Leather Archer Armor |
| 29:17 | Build | House |
| 29:19 | Build | House |
| 29:20 | Build | House |
| 29:36 | Create | Mangonel |
| 29:36 | Create | Mangonel |
| 29:39 | Create | Archer |
| 29:39 | Create | Archer |
| 29:59 | Create | Archer |
| 29:59 | Create | Archer |
| 30:24 | Create | Villager (Male) |
| 30:24 | Create | Villager (Male) |
| 31:09 | Create | Battering Ram |
| 31:25 | Create | Villager (Male) |
| 31:25 | Create | Villager (Male) |
| 33:00 | Create | Archer |
| 33:00 | Create | Archer |
| 33:09 | Create | Archer |
| 34:07 | Build | Lumber Camp |
Build order — Bazingaa
First 150 of 269 actions detected
| 1:30 | Build | Town Center |
| 4:03 | Create | Villager (Male) |
| 4:03 | Create | Villager (Male) |
| 4:03 | Create | Villager (Male) |
| 4:04 | Create | Villager (Male) |
| 4:04 | Create | Villager (Male) |
| 4:29 | Build | House |
| 4:49 | Build | House |
| 5:24 | Build | House |
| 5:50 | Create | Villager (Male) |
| 5:50 | Create | Villager (Male) |
| 6:09 | Create | Villager (Male) |
| 6:09 | Create | Villager (Male) |
| 6:45 | Create | Villager (Male) |
| 6:46 | Create | Villager (Male) |
| 7:09 | Research | Loom |
| 7:21 | Create | Villager (Male) |
| 7:21 | Create | Villager (Male) |
| 7:52 | Create | Villager (Male) |
| 8:40 | Create | Villager (Male) |
| 9:14 | Create | Villager (Male) |
| 9:19 | Build | Mill |
| 9:28 | Build | Palisade Wall |
| 9:50 | Build | Outpost |
| 9:55 | Create | Villager (Male) |
| 9:55 | Create | Villager (Male) |
| 10:14 | Build | Lumber Camp |
| 10:48 | Build | Palisade Wall |
| 10:54 | Create | Villager (Male) |
| 10:54 | Create | Villager (Male) |
| 11:34 | Build | Farm |
| 11:37 | Build | Farm |
| 11:53 | Build | Farm |
| 12:23 | Research | Feudal Age |
| 12:47 | Build | Barracks |
| 12:50 | Build | Palisade Wall |
| 12:54 | Build | House |
| 12:56 | Build | House |
| 14:10 | Create | Villager (Male) |
| 14:10 | Create | Villager (Male) |
| 14:33 | Age | Feudal Age |
| 14:35 | Create | Villager (Male) |
| 14:53 | Build | Watch Tower |
| 15:03 | Create | Militia |
| 15:03 | Create | Militia |
| 15:09 | Build | Archery Range |
| 15:30 | Build | Blacksmith |
| 15:38 | Build | Blacksmith |
| 16:03 | Create | Skirmisher |
| 16:03 | Create | Skirmisher |
| 16:43 | Create | Villager (Male) |
| 16:44 | Create | Villager (Male) |
| 16:50 | Build | Watch Tower |
| 16:55 | Create | Skirmisher |
| 17:16 | Create | Villager (Male) |
| 17:16 | Create | Villager (Male) |
| 18:00 | Create | Villager (Male) |
| 18:00 | Create | Villager (Male) |
| 18:04 | Build | Farm |
| 18:11 | Build | Farm |
| 18:14 | Build | Farm |
| 18:15 | Build | Farm |
| 18:18 | Build | Farm |
| 18:34 | Build | House |
| 18:36 | Build | House |
| 18:38 | Build | House |
| 18:44 | Build | Farm |
| 18:50 | Build | Farm |
| 18:55 | Build | Farm |
| 19:00 | Build | Farm |
| 19:02 | Create | Villager (Male) |
| 19:02 | Create | Villager (Male) |
| 19:30 | Create | Villager (Male) |
| 19:30 | Create | Villager (Male) |
| 20:01 | Build | Watch Tower |
| 20:26 | Create | Villager (Male) |
| 20:26 | Create | Villager (Male) |
| 20:40 | Build | Mining Camp |
| 20:49 | Build | Watch Tower |
| 20:53 | Create | Villager (Male) |
| 20:53 | Create | Villager (Male) |
| 21:27 | Build | Stone Wall |
| 21:51 | Build | Farm |
| 21:58 | Create | Villager (Male) |
| 22:16 | Create | Villager (Male) |
| 22:23 | Build | Stone Wall |
| 23:10 | Create | Villager (Male) |
| 23:10 | Create | Villager (Male) |
| 23:21 | Create | Villager (Male) |
| 23:21 | Create | Villager (Male) |
| 23:32 | Build | Market |
| 23:38 | Create | Villager (Male) |
| 23:41 | Build | Farm |
| 24:08 | Build | Farm |
| 24:09 | Create | Villager (Male) |
| 24:44 | Build | Mill |
| 24:46 | Create | Spearman |
| 24:52 | Build | Farm |
| 24:57 | Build | Farm |
| 25:09 | Build | House |
| 25:23 | Build | Farm |
| 25:30 | Create | Villager (Male) |
| 25:33 | Build | House |
| 25:33 | Build | House |
| 25:40 | Build | Farm |
| 25:45 | Create | Spearman |
| 25:45 | Create | Spearman |
| 26:24 | Build | Gate |
| 26:31 | Build | Gate |
| 26:51 | Build | Farm |
| 26:53 | Research | Castle Age |
| 26:53 | Research | Castle Age |
| 26:55 | Create | Spearman |
| 26:55 | Create | Spearman |
| 27:03 | Build | Stone Wall |
| 27:06 | Build | Stone Wall |
| 27:23 | Create | Skirmisher |
| 27:23 | Create | Skirmisher |
| 27:43 | Research | Scale Barding Armor |
| 28:10 | Research | Fletching |
| 28:23 | Research | Double-Bit Axe |
| 28:53 | Research | Horse Collar |
| 29:32 | Age | Castle Age |
| 29:33 | Create | Villager (Male) |
| 29:33 | Create | Villager (Male) |
| 29:39 | Build | Siege Workshop |
| 30:12 | Create | Armored Elephant |
| 30:23 | Create | Skirmisher |
| 30:24 | Create | Skirmisher |
| 30:24 | Create | Skirmisher |
| 30:25 | Create | Skirmisher |
| 30:29 | Create | Villager (Male) |
| 30:30 | Create | Villager (Male) |
| 30:37 | Create | Villager (Male) |
| 30:37 | Create | Villager (Male) |
| 30:59 | Build | Stable |
| 31:06 | Build | Farm |
| 31:28 | Build | Castle |
| 31:44 | Research | Padded Archer Armor |
| 31:58 | Create | Camel Scout |
| 32:05 | Create | Villager (Male) |
| 32:05 | Create | Villager (Male) |
| 32:06 | Create | Villager (Male) |
| 32:09 | Build | Farm |
| 32:18 | Create | Villager (Male) |
| 32:18 | Create | Villager (Male) |
| 32:34 | Create | Chakram Thrower |
| 32:35 | Create | Chakram Thrower |
| 33:05 | Create | Chakram Thrower |
| 33:05 | Create | Chakram Thrower |
Build order — Hugo[HG]
First 150 of 448 actions detected
| 0:47 | Build | Town Center |
| 1:28 | Build | House |
| 2:18 | Build | Lumber Camp |
| 2:48 | Create | Villager (Male) |
| 2:49 | Research | Loom |
| 3:05 | Create | Villager (Male) |
| 3:23 | Create | Villager (Male) |
| 3:51 | Create | Villager (Male) |
| 4:54 | Create | Villager (Male) |
| 5:20 | Create | Villager (Male) |
| 5:51 | Create | Villager (Male) |
| 6:01 | Build | House |
| 6:11 | Build | House |
| 6:30 | Create | Villager (Male) |
| 6:34 | Create | Villager (Male) |
| 7:22 | Create | Villager (Male) |
| 7:43 | Create | Villager (Male) |
| 7:56 | Create | Villager (Male) |
| 8:13 | Build | Mill |
| 8:23 | Create | Villager (Male) |
| 8:27 | Create | Villager (Male) |
| 8:37 | Create | Villager (Male) |
| 8:49 | Create | Villager (Male) |
| 9:14 | Create | Villager (Male) |
| 9:41 | Create | Villager (Male) |
| 9:47 | Build | House |
| 10:11 | Build | House |
| 10:50 | Build | House |
| 11:22 | Research | Feudal Age |
| 11:44 | Build | Mill |
| 12:49 | Build | Mining Camp |
| 13:26 | Create | Villager (Male) |
| 13:31 | Age | Feudal Age |
| 13:33 | Build | Barracks |
| 13:35 | Create | Villager (Male) |
| 13:59 | Create | Villager (Male) |
| 14:25 | Create | Villager (Male) |
| 15:01 | Build | Blacksmith |
| 15:07 | Create | Villager (Male) |
| 15:15 | Build | House |
| 15:35 | Build | Farm |
| 15:38 | Create | Villager (Male) |
| 15:44 | Build | Farm |
| 15:52 | Build | House |
| 16:38 | Build | Market |
| 16:55 | Create | Villager (Male) |
| 17:23 | Build | Farm |
| 17:25 | Create | Villager (Male) |
| 17:34 | Build | Stable |
| 17:48 | Build | House |
| 18:00 | Build | House |
| 18:03 | Build | Farm |
| 18:43 | Research | Castle Age |
| 18:57 | Build | Lumber Camp |
| 19:18 | Research | Horse Collar |
| 19:33 | Build | House |
| 19:44 | Research | Double-Bit Axe |
| 20:35 | Build | Farm |
| 20:39 | Build | Farm |
| 20:55 | Build | House |
| 20:56 | Build | House |
| 21:23 | Age | Castle Age |
| 21:29 | Build | Town Center |
| 21:34 | Create | Knight |
| 21:35 | Create | Knight |
| 21:48 | Create | Knight |
| 22:19 | Create | Villager (Male) |
| 22:22 | Build | Farm |
| 22:23 | Build | Farm |
| 22:51 | Build | Farm |
| 22:52 | Create | Villager (Male) |
| 23:12 | Build | Town Center |
| 23:18 | Create | Villager (Male) |
| 23:20 | Build | Farm |
| 23:32 | Create | Villager (Male) |
| 23:40 | Build | House |
| 23:40 | Build | House |
| 23:46 | Build | Farm |
| 23:58 | Build | Mining Camp |
| 24:29 | Create | Villager (Male) |
| 24:37 | Build | Farm |
| 24:38 | Create | Villager (Male) |
| 24:39 | Create | Villager (Male) |
| 25:13 | Create | Knight |
| 25:15 | Create | Knight |
| 25:26 | Build | Farm |
| 25:32 | Build | Archery Range |
| 25:34 | Create | Villager (Male) |
| 25:35 | Create | Villager (Male) |
| 25:36 | Create | Villager (Male) |
| 25:48 | Build | Archery Range |
| 25:53 | Build | Farm |
| 25:55 | Create | Villager (Male) |
| 26:38 | Research | Husbandry |
| 26:43 | Build | Farm |
| 26:44 | Build | Farm |
| 26:46 | Build | Farm |
| 26:48 | Create | Cavalry Archer |
| 26:48 | Create | Cavalry Archer |
| 26:49 | Create | Cavalry Archer |
| 27:39 | Create | Cavalry Archer |
| 27:40 | Create | Cavalry Archer |
| 28:04 | Build | Farm |
| 28:07 | Research | Wheelbarrow |
| 28:13 | Build | House |
| 28:13 | Build | House |
| 28:16 | Create | Cavalry Archer |
| 28:17 | Create | Cavalry Archer |
| 28:23 | Create | Cavalry Archer |
| 28:23 | Create | Cavalry Archer |
| 28:26 | Create | Villager (Male) |
| 28:26 | Create | Villager (Male) |
| 28:27 | Create | Villager (Male) |
| 28:31 | Research | Padded Archer Armor |
| 28:38 | Research | Fletching |
| 28:43 | Create | Villager (Male) |
| 29:14 | Build | House |
| 29:14 | Build | House |
| 29:30 | Research | Bow Saw |
| 29:34 | Create | Villager (Male) |
| 29:35 | Create | Villager (Male) |
| 29:37 | Build | Farm |
| 29:42 | Create | Cavalry Archer |
| 29:48 | Create | Cavalry Archer |
| 29:50 | Build | Farm |
| 29:52 | Create | Villager (Male) |
| 29:52 | Create | Villager (Male) |
| 29:53 | Create | Villager (Male) |
| 30:29 | Create | Cavalry Archer |
| 30:29 | Create | Cavalry Archer |
| 30:30 | Create | Cavalry Archer |
| 31:10 | Create | Villager (Male) |
| 31:11 | Build | Farm |
| 31:12 | Build | Farm |
| 31:15 | Research | Bodkin Arrow |
| 31:16 | Create | Villager (Male) |
| 31:17 | Create | Villager (Male) |
| 31:18 | Create | Villager (Male) |
| 31:18 | Create | Villager (Male) |
| 31:19 | Create | Villager (Male) |
| 31:19 | Create | Villager (Male) |
| 31:47 | Create | Villager (Male) |
| 31:55 | Build | Town Center |
| 31:57 | Build | Farm |
| 32:00 | Create | Villager (Male) |
| 32:01 | Create | Villager (Male) |
| 32:01 | Create | Villager (Male) |
| 32:01 | Create | Villager (Male) |
| 32:13 | Research | Leather Archer Armor |
| 32:23 | Build | Archery Range |
Build order — edxmrtz
First 150 of 165 actions detected
| 3:36 | Build | Town Center |
| 4:02 | Build | House |
| 6:26 | Create | Villager (Male) ×4 |
| 6:28 | Research | Loom |
| 8:59 | Build | House |
| 9:01 | Build | House |
| 9:04 | Build | House |
| 9:05 | Build | House |
| 9:06 | Build | House |
| 9:07 | Build | House |
| 9:08 | Build | House |
| 9:33 | Create | Villager (Male) ×4 |
| 9:33 | Create | Villager (Male) ×4 |
| 10:01 | Build | House |
| 11:06 | Create | Villager (Male) ×2 |
| 11:06 | Create | Villager (Male) ×2 |
| 12:32 | Create | Villager (Male) ×2 |
| 13:18 | Build | House |
| 13:20 | Build | House |
| 13:21 | Build | House |
| 14:10 | Create | Villager (Male) ×2 |
| 14:17 | Create | Villager (Male) ×2 |
| 14:17 | Create | Villager (Male) ×2 |
| 14:18 | Create | Villager (Male) |
| 14:18 | Create | Villager (Male) |
| 15:37 | Create | Villager (Male) ×3 |
| 15:46 | Build | Lumber Camp |
| 16:11 | Create | Villager (Male) |
| 16:11 | Create | Villager (Male) |
| 16:37 | Build | House |
| 16:40 | Build | House |
| 16:42 | Build | House |
| 16:43 | Build | House |
| 17:21 | Create | Villager (Male) ×2 |
| 17:25 | Create | Villager (Male) |
| 18:22 | Build | House |
| 18:23 | Build | House |
| 18:28 | Build | House |
| 18:32 | Build | House |
| 18:34 | Build | House |
| 18:36 | Build | House |
| 18:38 | Build | House |
| 20:15 | Build | House |
| 20:18 | Build | House |
| 20:19 | Build | House |
| 20:20 | Build | House |
| 20:22 | Build | House |
| 20:25 | Build | House |
| 20:27 | Build | House |
| 21:34 | Build | Mill |
| 21:58 | Build | Mill |
| 22:27 | Research | Feudal Age |
| 23:16 | Build | House |
| 24:37 | Age | Feudal Age |
| 24:47 | Build | Mill |
| 24:48 | Build | Farm |
| 24:49 | Build | Farm |
| 24:56 | Research | Horse Collar |
| 24:58 | Research | Double-Bit Axe |
| 25:03 | Research | Wheelbarrow |
| 25:04 | Create | Villager (Male) ×5 |
| 25:04 | Create | Villager (Male) |
| 25:05 | Create | Villager (Male) |
| 25:05 | Create | Villager (Male) |
| 25:23 | Build | Mining Camp |
| 25:38 | Build | Farm |
| 25:38 | Build | Farm |
| 25:38 | Build | Farm |
| 25:39 | Build | Farm |
| 25:39 | Build | Farm |
| 25:39 | Build | Farm |
| 25:39 | Build | Farm |
| 25:41 | Build | Farm |
| 25:41 | Build | Farm |
| 25:41 | Build | Farm |
| 25:41 | Build | Farm |
| 25:42 | Build | Farm |
| 25:42 | Build | Farm |
| 25:43 | Build | Farm |
| 25:59 | Create | Villager (Male) |
| 25:59 | Create | Villager (Male) |
| 25:59 | Create | Villager (Male) |
| 26:23 | Build | Stone Wall |
| 26:23 | Build | Stone Wall |
| 26:28 | Build | Stone Wall |
| 26:32 | Build | Stone Wall |
| 26:38 | Build | Stone Wall |
| 26:47 | Build | Stone Wall |
| 27:14 | Create | Villager (Male) ×2 |
| 27:14 | Create | Villager (Male) ×2 |
| 27:47 | Create | Villager (Male) ×2 |
| 27:47 | Create | Villager (Male) ×2 |
| 28:07 | Create | Villager (Male) ×3 |
| 28:41 | Build | Stone Wall |
| 31:22 | Build | Market |
| 31:27 | Build | Blacksmith |
| 31:39 | Build | Mining Camp |
| 32:16 | Research | Castle Age |
| 32:17 | Research | Castle Age |
| 32:25 | Research | Stone Mining |
| 32:27 | Research | Gold Mining |
| 33:09 | Build | Barracks |
| 33:25 | Build | Lumber Camp |
| 34:56 | Age | Castle Age |
| 35:00 | Research | Bow Saw |
| 35:02 | Research | Heavy Plow |
| 35:06 | Research | Hand Cart |
| 35:27 | Create | Eagle Scout ×5 |
| 35:59 | Build | Mining Camp |
| 36:09 | Build | Stone Wall |
| 37:07 | Build | Stone Wall |
| 38:01 | Build | University |
| 38:06 | Build | Monastery |
| 38:24 | Research | Fortified Wall (upgrade) |
| 38:39 | Create | Monk |
| 39:24 | Build | Stone Wall |
| 39:29 | Build | Stone Wall |
| 39:31 | Build | Stone Wall |
| 40:58 | Build | Gate |
| 41:34 | Build | Archery Range |
| 41:37 | Build | Archery Range |
| 41:40 | Build | Archery Range |
| 41:43 | Build | Archery Range |
| 41:53 | Research | Imperial Age |
| 42:18 | Build | Farm |
| 42:33 | Research | Squires |
| 42:34 | Research | Gambesons |
| 42:39 | Research | Arson |
| 42:59 | Build | Gate |
| 43:18 | Research | Treadmill Crane |
| 43:40 | Build | Town Center |
| 43:49 | Research | Crossbowman (upgrade) |
| 44:49 | Research | Fletching |
| 44:51 | Research | Padded Archer Armor |
| 44:52 | Research | Forging |
| 44:53 | Research | Scale Mail Armor |
| 45:03 | Age | Imperial Age |
| 45:26 | Build | Castle |
| 45:27 | Build | Castle |
| 45:28 | Build | Castle |
| 45:53 | Build | Mining Camp |
| 45:56 | Research | Arbalester (upgrade) |
| 46:19 | Research | Chemistry |
| 46:21 | Research | Siege Engineers |
| 46:23 | Research | Ballistics |
| 46:26 | Research | Murder Holes |
| 46:34 | Create | Villager (Male) ×5 |
| 46:35 | Create | Villager (Male) ×5 |
| 46:35 | Create | Villager (Male) ×5 |
| 46:35 | Create | Villager (Male) ×5 |
Match timeline
| 9:28 | Bazingaa · wall_segment Palisade Wall x7 |
| 10:48 | Bazingaa · wall_segment Palisade Wall x3 |
| 12:38 | -=Mr.Moran=- · first_building Barracks |
| 12:47 | Bazingaa · first_building Barracks |
| 12:50 | Bazingaa · wall_segment Palisade Wall x1 |
| 13:24 | -=Mr.Moran=- · age_up feudal |
| 13:31 | Hugo[HG] · age_up feudal |
| 13:33 | Hugo[HG] · first_building Barracks |
| 13:35 | -=Mr.Moran=- · first_building Archery Range |
| 14:33 | Bazingaa · age_up feudal |
| 14:37 | mvp · first_building Barracks |
| 14:41 | ---Raw--- · wall_segment Palisade Wall x1 |
| 15:00 | про100 3аяц ^_^ · wall_segment Palisade Wall x21 |
| 15:09 | Bazingaa · first_building Archery Range |
| 15:12 | mvp · age_up feudal |
| 15:19 | ---Raw--- · age_up feudal |
| 15:28 | batttvaippp · first_building Barracks |
| 15:43 | ---Raw--- · wall_segment Stone Wall x16 |
| 16:36 | ---Raw--- · wall_segment Stone Wall x2 |
| 17:14 | batttvaippp · age_up feudal |
| 17:34 | Hugo[HG] · first_building Stable |
| 17:52 | -=Mr.Moran=- · first_building Stable |
| 17:54 | про100 3аяц ^_^ · age_up feudal |
| 18:02 | mvp · first_building Archery Range |
| 18:42 | про100 3аяц ^_^ · first_building Barracks |
| 18:53 | про100 3аяц ^_^ · wall_segment Palisade Wall x7 |
| 19:11 | ---Raw--- · wall_segment Stone Wall x2 |
| 20:19 | про100 3аяц ^_^ · first_building Archery Range |
| 21:23 | Hugo[HG] · age_up castle |
| 21:27 | Bazingaa · wall_segment Stone Wall x3 |
| 22:05 | про100 3аяц ^_^ · first_market_sell 100 food |
| 22:23 | Bazingaa · wall_segment Stone Wall x2 |
| 22:59 | -=Mr.Moran=- · wall_segment Stone Wall x1 |
| 23:02 | -=Mr.Moran=- · wall_segment Stone Wall x1 |
| 23:10 | ---Raw--- · age_up castle |
| 23:11 | -=Mr.Moran=- · wall_segment Stone Wall x1 |
| 23:57 | mvp · wall_segment Stone Wall x20 |
| 24:37 | edxmrtz · age_up feudal |
| 24:59 | про100 3аяц ^_^ · age_up castle |
| 25:21 | ---Raw--- · first_building Barracks |
| 25:32 | Hugo[HG] · first_building Archery Range |
| 26:15 | ---Raw--- · first_building Castle |
| 26:17 | mvp · age_up castle |
| 26:23 | edxmrtz · wall_segment Stone Wall x9 |
| 26:23 | edxmrtz · wall_segment Stone Wall x6 |
| 26:28 | edxmrtz · wall_segment Stone Wall x17 |
| 26:32 | edxmrtz · wall_segment Stone Wall x15 |
| 26:38 | edxmrtz · wall_segment Stone Wall x5 |
| 26:47 | edxmrtz · wall_segment Stone Wall x23 |
| 27:03 | Bazingaa · wall_segment Stone Wall x2 |
| 27:06 | Bazingaa · wall_segment Stone Wall x2 |
| 27:30 | batttvaippp · age_up castle |
| 28:25 | batttvaippp · first_building Castle |
| 28:41 | edxmrtz · wall_segment Stone Wall x3 |
| 28:52 | -=Mr.Moran=- · age_up castle |
| 28:53 | -=Mr.Moran=- · first_building Siege Workshop |
| 29:32 | Bazingaa · age_up castle |
| 29:37 | mvp · wall_segment Stone Wall x7 |
| 29:39 | Bazingaa · first_building Siege Workshop |
| 29:49 | Bazingaa · first_market_buy 100 stone |
| 30:23 | mvp · first_building Castle |
| 30:59 | Bazingaa · first_building Stable |
| 31:28 | Bazingaa · first_building Castle |
| 31:55 | mvp · wall_segment Stone Wall x12 |
| 32:04 | mvp · wall_segment Stone Wall x9 |
| 32:06 | mvp · wall_segment Stone Wall x10 |
| 33:09 | edxmrtz · first_building Barracks |
| 34:45 | Bazingaa · wall_segment Stone Wall x1 |
| 34:49 | Bazingaa · wall_segment Stone Wall x1 |
| 34:55 | Bazingaa · wall_segment Stone Wall x4 |
| 34:56 | edxmrtz · age_up castle |
| 35:25 | -=Mr.Moran=- · first_building Castle |
| 35:29 | про100 3аяц ^_^ · first_building Monastery |
| 36:09 | edxmrtz · wall_segment Stone Wall x21 |
| 36:35 | Hugo[HG] · first_building Monastery |
| 37:07 | edxmrtz · wall_segment Stone Wall x21 |
| 37:17 | про100 3аяц ^_^ · first_market_buy 100 food |
| 37:22 | -=Mr.Moran=- · first_market_buy 100 wood |
| 37:31 | ---Raw--- · first_building Stable |
| 37:58 | Bazingaa · wall_segment Stone Wall x8 |
| 38:06 | edxmrtz · first_building Monastery |
| 38:15 | edxmrtz · first_market_buy 100 wood |
| 38:41 | -=Mr.Moran=- · wall_segment Stone Wall x8 |
| 38:47 | -=Mr.Moran=- · wall_segment Stone Wall x10 |
| 39:24 | edxmrtz · wall_segment Stone Wall x14 |
| 39:29 | edxmrtz · wall_segment Stone Wall x5 |
| 39:31 | edxmrtz · wall_segment Stone Wall x29 |
| 39:42 | mvp · age_up imperial |
| 39:48 | -=Mr.Moran=- · wall_segment Stone Wall x1 |
| 39:50 | -=Mr.Moran=- · wall_segment Stone Wall x1 |
| 39:56 | -=Mr.Moran=- · wall_segment Stone Wall x1 |
| 40:01 | Bazingaa · tribute_sent a jugador 1 |
| 40:01 | Bazingaa · tribute_sent a jugador 2 |
| 40:01 | Bazingaa · tribute_sent a jugador 3 |
| 40:01 | Bazingaa · tribute_sent a jugador 4 |
| 40:01 | Bazingaa · tribute_sent a jugador 6 |
| 40:01 | Bazingaa · tribute_sent a jugador 7 |
| 40:01 | Bazingaa · tribute_sent a jugador 8 |
| 40:03 | ---Raw--- · tribute_sent a jugador 2 |
| 40:03 | ---Raw--- · tribute_sent a jugador 3 |
| 40:03 | ---Raw--- · tribute_sent a jugador 4 |
| 40:03 | ---Raw--- · tribute_sent a jugador 5 |
| 40:04 | ---Raw--- · tribute_sent a jugador 6 |
| 40:04 | ---Raw--- · tribute_sent a jugador 7 |
| 40:04 | ---Raw--- · tribute_sent a jugador 8 |
| 40:47 | Bazingaa · first_building Monastery |
| 41:03 | -=Mr.Moran=- · wall_segment Stone Wall x1 |
| 41:07 | про100 3аяц ^_^ · first_building Castle |
| 41:09 | -=Mr.Moran=- · wall_segment Stone Wall x1 |
| 41:16 | -=Mr.Moran=- · wall_segment Stone Wall x1 |
| 41:22 | -=Mr.Moran=- · wall_segment Stone Wall x1 |
| 41:30 | -=Mr.Moran=- · wall_segment Stone Wall x1 |
| 41:33 | -=Mr.Moran=- · wall_segment Stone Wall x1 |
| 41:34 | edxmrtz · first_building Archery Range |
| 41:37 | Hugo[HG] · age_up imperial |
| 41:56 | -=Mr.Moran=- · wall_segment Stone Wall x1 |
| 42:03 | про100 3аяц ^_^ · age_up imperial |
| 42:47 | -=Mr.Moran=- · wall_segment Stone Wall x1 |
| 42:54 | про100 3аяц ^_^ · first_building Stable |
| 42:54 | ---Raw--- · first_building Monastery |
| 43:12 | -=Mr.Moran=- · wall_segment Stone Wall x5 |
| 43:26 | Hugo[HG] · first_building Castle |
| 43:46 | -=Mr.Moran=- · wall_segment Stone Wall x1 |
| 43:50 | -=Mr.Moran=- · wall_segment Stone Wall x1 |
| 43:51 | -=Mr.Moran=- · wall_segment Stone Wall x1 |
| 44:50 | -=Mr.Moran=- · first_market_sell 100 wood |
| 45:03 | edxmrtz · age_up imperial |
| 45:07 | -=Mr.Moran=- · wall_segment Stone Wall x3 |
| 45:26 | edxmrtz · first_building Castle |
| 45:55 | -=Mr.Moran=- · wall_segment Stone Wall x7 |
| 46:03 | -=Mr.Moran=- · wall_segment Stone Wall x5 |
| 46:30 | ---Raw--- · age_up imperial |
| 48:46 | edxmrtz · first_market_sell 100 wood |
| 49:43 | -=Mr.Moran=- · age_up imperial |
| 50:06 | Hugo[HG] · first_building Siege Workshop |
| 51:22 | Bazingaa · resign |
[ AI ANALYSIS · 1 CREDIT ]
What really happened in this match?
Wolo.gg analyzes every decision: build order, eco, micro, common mistakes by bracket. Personalized analysis on WhatsApp or Discord in 30 seconds.
Civ guide
Vietnamese
Perfil
Jugador #7487366